 Dungeon Crawl Stone Soup version 0.29.0-4-gdea44cf6ec (webtiles) character file.

Game seed: 7728683837860555188

67 qw the Chopper (level 4, -2/26 HPs)
             Began as a Tengu Warper on Aug 28, 2022.
             Slain by a gnoll
             ... wielding a +0 flail
              (7 damage)
             ... on level 2 of the Dungeon.
             The game lasted 00:00:08 (1556 turns).

qw the Chopper (Tengu Warper)                       Turns: 1556, Time: 00:00:09

Health: -2/26      AC:  7    Str: 13    XL:     4   Next: 18%
Magic:  8/8        EV:  9    Int: 14    God:
Gold:   89         SH:  0    Dex: 13    Spells: 7/7 levels left

rFire   . . .      SeeInvis .   Y - +0 hand axe
rCold   . . .      Faith    .   (no shield)
rNeg    . . .      Spirit   .   f - +0 scale mail
rPois   .          Reflect  .   (helmet restricted)
rElec   .          Harm     .   (no cloak)
rCorr   .          Rampage  .   h - +0 pair of gloves
Will    .....                   (boots unavailable)
Stlth   ..........              (no amulet)
HPRegen 0.08/turn               (no ring)
MPRegen 0.11/turn               (no ring)

@: no status effects
A: beak, talons 3
a: no special abilities


You were on level 2 of the Dungeon.
You visited 1 branch of the dungeon, and saw 2 of its levels.

You collected 89 gold pieces.


Innate Abilities, Weirdness & Mutations

You have a beak for a mouth.
You have claws for feet.


   Skills:
 - Level 2.0 Fighting
 + Level 4.8 Axes
 - Level 1.0 Throwing
 - Level 1.1 Armour
 - Level 2.1 Dodging
 - Level 2.0 Spellcasting
 - Level 2.4 Translocations


You had 7 spell levels left.
You didn't know any spells.
Your spell library contained the following spells:

 Spells                   Type           Power      Damage    Failure   Level
 Blink                    Tloc           16%        N/A       54%         2
 Gell's Gravitas          Tloc           8%         N/A       78%         3
 Lesser Beckoning         Tloc           8%         N/A       78%         3
 Teleport Other           Tloc           8%         N/A       78%         3
 Manifold Assault         Tloc           8%         N/A       100%        5

Inventory:

Hand Weapons
 i - a +0 flail
 Y - a +0 hand axe (weapon)
Armour
 f - a +0 scale mail (worn)
 h - a +0 pair of gloves (worn)
Scrolls
 a - a scroll of identify
 b - a scroll of vulnerability {unknown}
Potions
 d - a potion of attraction {unknown}
 k - a potion of cancellation {unknown}
 l - a potion of haste {unknown}

Dungeon Overview and Level Annotations

Branches:
Dungeon (2/15)

Altars:


Message History

A gnoll comes into view. It is wielding a +0 spear.
1398 ||| Stepping ~*~*~tactically~*~*~ (stealth).
You hit the gnoll.
You kill the gnoll!
You have reached level 4!
You feel clever.
You start resting.
HP restored.
You see here a +0 flail.
Things that are here:
a +0 flail; a +0 robe
Found a book of Cantrips.
A quokka comes into view.
A gnoll comes into view. It is wielding a +0 flail.
The gnoll shouts! x2
The gnoll moves out of view.
You closely miss the quokka. You peck the quokka.
The quokka is severely wounded.
The quokka barely misses you.
You barely miss the quokka. You claw the quokka. Your peck misses the quokka.
The quokka is almost dead.
The quokka bites you but does no damage.
The quokka bites you.
You closely miss the quokka. You peck the quokka, but do no damage.
Your punch misses the quokka.
The quokka is almost dead.
The quokka barely misses you.
You barely miss the quokka.
The quokka is almost dead.
The quokka bites you but does no damage.
You hit the quokka.
You kill the quokka!
You hit the gnoll. The gnoll hits you with a +0 flail.
The gnoll hits you from afar with a +0 spear.
The gnoll hits you with a +0 flail!
You hit the gnoll but do no damage. You claw the gnoll.
The gnoll is heavily wounded.
The gnoll hits you from afar with a +0 spear.
The gnoll hits you with a +0 flail!
You die...

#########
........#
...:....#
........#
......g.#
#.~~~.%@#
#.~}.g#.#
#.~.. #.#
#... #.#
#.. #.#
#. #.## #
#))## #
##..##
##. ##..#
#..


You could see 2 gnolls.

Vanquished Creatures
  3 gnolls
  A dart slug (D:1)
  An endoplasm (D:1)
  3 giant cockroaches
  A goblin (D:1)
  4 hobgoblins
  A kobold (D:1)
  3 quokkas
  4 ball pythons (D:1)
  7 bats (D:1)
  4 frilled lizards (D:1)
  3 rats (D:1)
35 creatures vanquished.

Notes
Turn   | Place    | Note
-------+----------+-------------------------------------------
     0 | D:1      | qw the Tengu Warper began the quest for the Orb.
     0 | D:1      | Reached XP level 1. HP: 12/12 MP: 4/4
     0 | D:1      | 0 ||| qw: Version: 0.1-a-89-g26bdef1
     0 | D:1      | 0 ||| qw: Game counter: 3151
     0 | D:1      | 0 ||| qw: Always use a shield: true
     0 | D:1      | 0 ||| qw: God list: Okawaru
     0 | D:1      | 0 ||| qw: Allow faded altars: false
     0 | D:1      | 0 ||| qw: Do Orc after D:15 true
     0 | D:1      | 0 ||| qw: Do second Lair branch before Depths: true
     0 | D:1      | 0 ||| qw: Lair rune preference: random
     0 | D:1      | 0 ||| qw: Plans: Normal
     0 | D:1      | 0 ||| PLANNING D:1-11
   380 | D:1      | Reached skill level 3 in Axes
   380 | D:1      | Reached XP level 2. HP: 17/17 MP: 6/6
   550 | D:1      | 550 ||| Stepping ~*~*~tactically~*~*~ (stealth).
   565 | D:1      | Reached XP level 3. HP: 12/21 MP: 7/7
   821 | D:1      | Reached skill level 4 in Axes
  1023 | D:1      | 1023 ||| Stepping ~*~*~tactically~*~*~ (stealth).
  1027 | D:1      | 1027 ||| Stepping ~*~*~tactically~*~*~ (stealth).
  1028 | D:1      | 1028 ||| Stepping ~*~*~tactically~*~*~ (stealth).
  1049 | D:1      | 1049 ||| Stepping ~*~*~tactically~*~*~ (stealth).
  1198 | D:1      | 1198 ||| UPGRADING to +0 ring mail.
  1208 | D:1      | 1208 ||| DROPPING +0 leather armour.
  1209 | D:1      | 1209 ||| UPGRADING to +0 scale mail.
  1219 | D:1      | 1219 ||| DROPPING +0 ring mail.
  1220 | D:1      | 1220 ||| UPGRADING to +0 pair of gloves.
  1225 | D:1      | 1225 ||| READING 2 scrolls labelled WANEOBL MANIA.
  1226 | D:1      | 1226 ||| READING scroll labelled BOMYFO ABAOTZ.
  1229 | D:1      | 1229 ||| DROPPING scroll of blinking.
  1277 | D:2      | 1277 ||| STAIRDANCE
  1386 | D:2      | 1386 ||| Stepping ~*~*~tactically~*~*~ (stealth).
  1398 | D:2      | 1398 ||| Stepping ~*~*~tactically~*~*~ (stealth).
  1400 | D:2      | Reached XP level 4. HP: 14/26 MP: 8/8
  1556 | D:2      | HP: 5/26 [gnoll/+0 spear (2)]
  1556 | D:2      | Slain by a gnoll

Levels and vault maps discovered:
D:1:      minmay_arrival_loop, layout_loops_ring, minmay_vboxes
D:2:      layout_rooms, corexii_leaking_fountain

Skill      XL: |  1  2  3 |
---------------+----------+-----
Axes           | 3 4 |  4.8
Fighting       | |  2.0
Throwing       | |  1.0
Armour         | |  1.1
Dodging        | |  2.1
Spellcasting   | |  2.0
Translocations | |  2.4

Action                   |  1- 3 |  4- 6 || total
-------------------------+-------+-------++-------
Melee: Hand axe          |    82 |     6 ||    88
       Kick              |    18 |     2 ||    20
       Peck              |     9 |     2 ||    11
Throw: Boomerang         |     7 |       ||     7
  Use: Scroll            |     2 |       ||     2
Armor: Leather armour    |    18 |       ||    18
       Scale mail        |     5 |     2 ||     7
Dodge: Dodged            |    60 |     2 ||    62

Table legend:
 A = Non-vault XP
 B = Vault XP
 C = Vault XP percentage of total XP
 D = Non-vault monster count
 E = Vault monster count
 F = Vault count percentage of total count
                 A         B        C        D         E       F
            +---------+---------+-------+---------+---------+-------
      Total |      89 |       8 |   8.2 |      31 |       4 |  11.4
            +---------+---------+-------+---------+---------+-------
        D:1 |      54 |       8 |  12.9 |      26 |       4 |  13.3
        D:2 |      35 |       0 |   0.0 |       5 |       0 |   0.0
            +---------+---------+-------+---------+---------+-------
